 Dungeon Crawl Stone Soup version 0.28-a0-793-g31680bbd8b (webtiles) character file.

Game seed: 15844025647492563138

727 ytrimaz the Cutter (level 7, -1/54 HPs)
             Began as a Demonspawn Fighter on Nov 3, 2021.
             Was an Initiate of Gozag.
             Slain by a gnoll sergeant (12 damage)
             ... on level 5 of the Dungeon.
             The game lasted 00:04:34 (5902 turns).

ytrimaz the Cutter (Demonspawn Fighter)             Turns: 5902, Time: 00:04:34

Health: -1/54      AC:  9    Str: 19    XL:     7   Next: 44%
Magic:  7/7        EV: 10    Int:  9    God:    Gozag
Gold:   112        SH:  4    Dex: 12    Spells: 6/6 levels left

rFire   . . .      SeeInvis .   a - +0 rapier
rCold   . . .      Faith    .   c - +0 buckler
rNeg    . . .      Spirit   .   b - +0 scale mail
rPois   .          Reflect  .   (no helmet)
rElec   .          Harm     .   (no cloak)
rCorr   .          Rampage  .   (no gloves)
Will    .....                   (no boots)
Stlth   ..........              (no amulet)
HPRegen 0.18/turn               (no ring)
MPRegen 0.10/turn               (no ring)

@: studying Slings
A: yellow scales 1, demonic guardian 1, weakness stinger 1
a: Renounce Religion, Potion Petition, Call Merchant, Bribe Branch


You were on level 5 of the Dungeon.
You worshipped Gozag.
Gozag was aware of your devotion.
You visited 2 branches of the dungeon, and saw 6 of its levels.

You collected 198 gold pieces.
You paid 86 gold pieces to Gozag.

Inventory:

Hand Weapons
 a - a +0 rapier (weapon)
Armour
 b - a +0 scale mail (worn)
 c - a +0 buckler (worn)
 n - a +0 plate armour
Wands
 l - a wand of flame (18)
 o - a wand of iceblast (11)
Scrolls
 d - a scroll of teleportation
 f - a scroll of blinking
 g - 2 scrolls of vulnerability
 h - a scroll of immolation
 q - a scroll of amnesia {unknown}
 r - a scroll of enchant armour {unknown}
Potions
 e - 3 potions of degeneration {unknown}
 i - a potion of attraction {unknown}
 j - a potion of haste {unknown}
 k - a potion of flight {unknown}
 m - a potion of mutation {unknown}
 p - 2 potions of curing


   Skills:
 + Level 4.0 Fighting
 * Level 5.4 Short Blades
 + Level 4.1 Armour
 * Level 2.7 Dodging
 + Level 3.3 Shields


You had 6 spell levels left.
You didn't know any spells.
Your spell library contained the following spells:

 Spells                   Type           Power      Damage    Failure   Level
 Animate Dead             Necr           0%         N/A       100%        4
 Borgnjor's Vile Clutch   Necr/Erth      0%         N/A       100%        5
 Death Channel            Necr           0%         N/A       100%        6


Dungeon Overview and Level Annotations

Branches:
Dungeon (5/15)             Temple (1/1) D:5

Altars:
Ashenzari
Cheibriados
Dithmenos
Elyvilon
Fedhas
Gozag
Makhleb
Okawaru
Qazlal
Sif Muna
Vehumet
Wu Jian
Xom
Yredelemnul
Zin
The Shining One


Innate Abilities, Weirdness & Mutations

You are partially covered in yellow scales. (AC +2)
A weak demonic guardian rushes to your aid.
You have a small tail.


Message History

You hit the gnoll sergeant.
The gnoll sergeant is moderately wounded.
The gnoll sergeant is distracted by your dazzling golden aura.
The gnoll sergeant shouts!
You hit the gnoll sergeant but do no damage.
The gnoll sergeant is no longer distracted by gold.
You tail-slap the gnoll sergeant, but do no damage.
The gnoll sergeant is moderately wounded.
The gnoll sergeant hits you with a +1 trident of pain.
You hit the gnoll sergeant but do no damage.
The gnoll sergeant is moderately wounded.
The gnoll sergeant hits you with a +1 trident of pain!
* * * LOW HITPOINT WARNING * * *
You hit the gnoll sergeant but do no damage.
The gnoll sergeant is moderately wounded.
The gnoll sergeant hits you with a +1 trident of pain!
* * * LOW HITPOINT WARNING * * *
You swap places.
Your ufetubus barely misses the gnoll sergeant.
Your ufetubus hits the gnoll sergeant.
The gnoll sergeant hits you but does no damage.
You writhe in agony.
* * * LOW HITPOINT WARNING * * *
Unknown command.
Your ufetubus hits the gnoll sergeant.
Your ufetubus hits the gnoll sergeant but does no damage.
The gnoll sergeant hits your ufetubus with a +1 trident of pain!
Your ufetubus dies!
Your ufetubus disappears in a puff of smoke!
You see here a +0 short sword.
You see here a +0 leather armour.
The gnoll sergeant misses you. The adder closely misses you.
The adder barely misses you. The adder bites you but does no damage.
The adder barely misses you. The adder bites you but does no damage.
The gnoll sergeant hits you with a +1 trident of pain!
You die...
Your body crumbles into a pile of gold.

#.#.#<.....##...##
#.#.#########....#
#.#.#.......'....#
#.#.#.#######....#
#######'#.)..# #....#
#............# ####.#
#.........##.###### #.#
#.................# #.#
#......@.g.#.####.####.#
#......Sg..#.####......#
.............g...........
#######+....#..........≈≈
#.##.########..≈§§
#.##..........≈≈§≈
#############.≈≈≈> #.≈≈≈§
#..≈≈§


You could see a gnoll sergeant, 2 gnolls and an adder.

Vanquished Creatures
  A black bear (D:4)
  2 ogres (D:5)
  A scorpion (D:3)
  2 jellies (D:5)
  A centaur zombie (D:5)
  A gnoll shaman (D:5)
  A hound (D:4)
  2 iguanas
  2 adders (D:2)
  9 gnolls
  2 adder skeletons (D:4)
  2 worms
  5 dart slugs
  7 orcs
  3 ball pythons
  3 endoplasms
  5 giant cockroaches
  6 hobgoblins
  6 jackals (D:1)
  6 kobolds
  4 quokkas
  8 bats
  5 frilled lizards
  5 goblins
  2 rats
91 creatures vanquished.

Notes
Turn   | Place    | Note
-------+----------+-------------------------------------------
     0 | D:1      | ytrimaz the Demonspawn Fighter began the quest for the Orb.
     0 | D:1      | Reached XP level 1. HP: 18/18 MP: 1/1
    57 | D:1      | Gained mutation: You are partially covered in yellow
                  | scales. (AC +2) [demonic ancestry]
    57 | D:1      | Reached XP level 2. HP: 19/24 MP: 2/2
   126 | D:1      | Found a faded altar of an unknown god.
   210 | D:1      | Reached skill level 2 in Short Blades
   566 | D:1      | Reached skill level 1 in Dodging
   581 | D:1      | Reached XP level 3. HP: 26/29 MP: 3/3
  1308 | D:2      | Reached XP level 4. HP: 7/35 MP: 4/4
  1309 | D:2      | HP: 1/34 [gnoll (1)]
  1675 | D:2      | Reached skill level 3 in Short Blades
  2475 | D:3      | Noticed a scorpion
  2487 | D:3      | Killed a scorpion
  2488 | D:3      | Reached XP level 5. HP: 15/41 MP: 5/5
  2742 | D:3      | Found an iron altar of Okawaru.
  3041 | D:4      | Found a stormy altar of Qazlal.
  3043 | D:4      | Noticed a black bear
  3061 | D:4      | Killed a black bear
  3062 | D:4      | Reached skill level 4 in Short Blades
  3062 | D:4      | Gained mutation: You have a small tail. [demonic ancestry]
  3062 | D:4      | Reached XP level 6. HP: 6/47 MP: 6/6
  3457 | D:4      | Found a burning altar of Makhleb.
  4449 | D:4      | Found a basalt altar of Yredelemnul.
  4894 | D:5      | Entered Level 5 of the Dungeon
  5040 | D:5      | Found a staircase to the Ecumenical Temple.
  5061 | D:5      | Gained mutation: A weak demonic guardian rushes to your
                  | aid. [demonic ancestry]
  5061 | D:5      | Reached XP level 7. HP: 40/53 MP: 7/7
  5070 | Temple   | Entered the Ecumenical Temple
  5296 | Temple   | Became a worshipper of Gozag Ym Sagoz the Greedy
  5382 | D:5      | Reached skill level 5 in Short Blades
  5386 | D:5      | Found a shadowy altar of Dithmenos.
  5902 | D:5      | Slain by a gnoll sergeant

Illustrated notes

Levels and vault maps discovered:
D:1:      onia_arrival_mini_spirals, layout_basic,
          chequers_ecumenical_altar_island, nrook_mini_backslash,
          minmay_pentomino_r2
D:2:      layout_loops_corners
D:3:      layout_rooms, elyvilon_altar_3, zin_treasury,
          okawaru_metal_pillars_1_2
D:4:      layout_gridville, mainiacjoe_overflow_cross_hatched,
          mainiacjoe_overflow_catwalk, mainiacjoe_overflow_tiny_flanked,
          kennysheep_boxes
D:5:      layout_basic, overflow_temple_1_default,
          nicolae_ru_great_annihilating_truth, minmay_temple_entry_mist,
          serial_shops, kennysheep_mini_moat, nicolae_shop_stone, shop,
          minmay_bent, uniq_crazy_yiuf_cottage, uniq_pikel, uniq_grinder
Temple:   compressed_dpeg_triangle_lava_temple

Skill      XL: |  1  2  3  4  5  6  7 |
---------------+----------------------+-----
Short Blades   | 2 3 4 5 |  5.4
Dodging        | 1 2 |  2.7
Armour         | 3 4 |  4.1
Shields        | 3 |  3.3
Fighting       | 4 |  4.0

Action                   |  1- 3 |  4- 6 |  7- 9 || total
-------------------------+-------+-------+-------++-------
Melee: Rapier            |   109 |   242 |    45 ||   396
       Tailslap          |       |    15 |    11 ||    26
  Use: Scroll            |     3 |     2 |       ||     5
       Potion            |       |     2 |       ||     2
Armor: Scale mail        |    37 |   109 |    16 ||   162
Dodge: Dodged            |    40 |   127 |    20 ||   187
Block: Buckler           |    27 |    52 |    11 ||    90

Table legend: (Time is in decaauts)
 A = Elapsed time spent in this place.
 B = Non-inter-level travel time spent in this place.
 C = Inter-level travel time spent in this place.
 D = Time resting spent in this place.
 E = Time spent auto-exploring this place.
 F = Levels seen in this place.
 G = Mean time per level.
                   A        B        C        D        E       F      G
               +--------+--------+--------+--------+--------+-----+--------+
         Total |   5924 |   5853 |     71 |    958 |   3818 |   6 |  987.3 |
       Dungeon |   5683 |   5624 |     59 |    958 |   3623 |   5 | 1136.6 |
        Temple |    241 |    229 |     12 |      0 |    195 |   1 |  241.0 |
               +--------+--------+--------+--------+--------+-----+--------+

Top non-repeatable levels by time:
     D:4: 1883 daAuts
     D:2: 1345 daAuts
     D:1: 968 daAuts
     D:5: 768 daAuts
     D:3: 717 daAuts
  Temple: 241 daAuts
